TOP OF THE 1ST |
Santa Monica Bruins batting - Pitching for Houston Hammertime : RHP Jun Kawashima
|
Pitching: RHP Jun Kawashima
|
|
Batting: LHB Francisco Medina
|
0-0: Fly out, F9 (Flyball, 9LMF)
|
Batting: RHB António López
|
0-0: Swinging Strike 0-1: Foul Ball, location: 2F 0-2: Foul Ball, location: 2F 0-2: Ball 1-2: Foul Ball, location: 2F 1-2: Strikes out swinging
|
Batting: LHB Morgan Wright
|
0-0: Ball 1-0: Ground out 4-3 (Groundball, 4D)
|
Top of the 1st over - 0 run(s), 0 hit(s), 0 error(s), 0 left on base; Santa Monica 0 - Houston 0 |
BOTTOM OF THE 1ST |
Houston Hammertime batting - Pitching for Santa Monica Bruins : LHP Pancho Guerrero
|
Pitching: LHP Pancho Guerrero
|
|
Batting: SHB Carlos Córdova
|
0-0: Ball 1-0: Called Strike 1-1: Ball 2-1: Called Strike 2-2: Ball 3-2: Ground out 6-3 (Groundball, 6M)
|
Batting: RHB Carlos Pérez
|
0-0: Foul Ball, location: 2F 0-1: Foul Ball, location: 2F 0-2: Ground out 6-3 (Groundball, 6S)
|
Batting: RHB John Major
|
0-0: Ball 1-0: Ball 2-0: Foul Ball, location: 2F 2-1: Foul Ball, location: 2F 2-2: Strikes out swinging
|
Bottom of the 1st over - 0 run(s), 0 hit(s), 0 error(s), 0 left on base; Santa Monica 0 - Houston 0 |
TOP OF THE 2ND |
Santa Monica Bruins batting - Pitching for Houston Hammertime : RHP Jun Kawashima
|
Batting: SHB Ken Hernández
|
0-0: Fly out, F7 (Flyball, 7S)
|
Batting: RHB Johnny Williams
|
0-0: Called Strike 0-1: Ground out 6-3 (Groundball, 6)
|
Batting: LHB Ramiro Martínez
|
0-0: Ball 1-0: Swinging Strike 1-1: SINGLE (Groundball, 3D)
|
Batting: LHB Ken Phillips
|
0-0: Foul Ball, location: 2F 0-1: Ground out 4-3 (Groundball, 4MS)
|
Top of the 2nd over - 0 run(s), 1 hit(s), 0 error(s), 1 left on base; Santa Monica 0 - Houston 0 |
BOTTOM OF THE 2ND |
Houston Hammertime batting - Pitching for Santa Monica Bruins : LHP Pancho Guerrero
|
Batting: LHB Juan Cabañas
|
0-0: Called Strike 0-1: Ball 1-1: Ball 2-1: Called Strike 2-2: Ball 3-2: SOLO HOME RUN (Flyball, 9LD), Distance : 342 ft
|
Batting: RHB Dan Mason
|
0-0: Ball 1-0: Called Strike 1-1: Ball 2-1: Ball 3-1: Foul Ball, location: 2F 3-2: Foul Ball, location: 2F 3-2: SINGLE (Line Drive, 89M)
|
Batting: RHB Alonso Holguín
|
0-0: Called Strike 0-1: Ball 1-1: Ball 2-1: Ball 3-1: Base on Balls Dan Mason to second
|
Batting: LHB António Camacho
|
0-0: Ball 1-0: Ball 2-0: Called Strike 2-1: Ball 3-1: Grounds into double play, 6-4-3 (Groundball, 6) Dan Mason to third
|
Batting: RHB David Hernández
|
0-0: Ground out 6-3 (Groundball, 6)
|
Bottom of the 2nd over - 1 run(s), 2 hit(s), 0 error(s), 1 left on base; Santa Monica 0 - Houston 1 |
TOP OF THE 3RD |
Santa Monica Bruins batting - Pitching for Houston Hammertime : RHP Jun Kawashima
|
Batting: RHB Francisco Castillo
|
0-0: Foul Ball, location: 2F 0-1: Bunt for hit - play at first, batter safe!
|
Batting: RHB Bonifacio Torres
|
0-0: Called Strike 0-1: Ball 1-1: Foul Ball, location: 2F 1-2: Ball 2-2: SINGLE (Groundball, 4MD) Francisco Castillo to second
|
Batting: LHB Francisco Medina
|
0-0: Ball Wild Pitch! Francisco Castillo to third Bonifacio Torres to second 1-0: Foul Ball, location: 2F 1-1: Swinging Strike 1-2: Foul Ball, location: 2F 1-2: Ball 2-2: Foul Ball, location: 2F 2-2: Strikes out swinging
|
Batting: RHB António López
|
0-0: Fly out, F7 (Line Drive, 78M) Runner from 3rd tags up, SCORES, no throw
|
Batting: LHB Morgan Wright
|
0-0: Called Strike 0-1: Ground out 6-3 (Groundball, 6M)
|
Top of the 3rd over - 1 run(s), 2 hit(s), 0 error(s), 1 left on base; Santa Monica 1 - Houston 1 |
BOTTOM OF THE 3RD |
Houston Hammertime batting - Pitching for Santa Monica Bruins : LHP Pancho Guerrero
|
Batting: RHB Victor Andrews
|
0-0: Ball 1-0: Swinging Strike 1-1: Ground out 5-3 (Groundball, 56)
|
Batting: SHB Carlos Córdova
|
0-0: Ball 1-0: Ball 2-0: Ball 3-0: Called Strike 3-1: Ground out 4-3 (Groundball, 4S)
|
Batting: RHB Carlos Pérez
|
0-0: Ball 1-0: SINGLE (Groundball, 6MD)
|
Batting: RHB John Major
|
0-0: Ball 1-0: Called Strike Carlos Pérez is caught stealing 2nd base
|
Bottom of the 3rd over - 0 run(s), 1 hit(s), 0 error(s), 0 left on base; Santa Monica 1 - Houston 1 |
TOP OF THE 4TH |
Santa Monica Bruins batting - Pitching for Houston Hammertime : RHP Jun Kawashima
|
Batting: SHB Ken Hernández
|
0-0: Swinging Strike 0-1: Ball 1-1: Ground out 4-3 (Groundball, 34)
|
Batting: RHB Johnny Williams
|
0-0: Ball 1-0: Called Strike 1-1: Foul Ball, location: 2F 1-2: Fly out, F7 (Line Drive, 7D)
|
Batting: LHB Ramiro Martínez
|
0-0: Called Strike 0-1: Swinging Strike 0-2: Foul Ball, location: 2F 0-2: Strikes out looking
|
Top of the 4th over - 0 run(s), 0 hit(s), 0 error(s), 0 left on base; Santa Monica 1 - Houston 1 |
BOTTOM OF THE 4TH |
Houston Hammertime batting - Pitching for Santa Monica Bruins : LHP Pancho Guerrero
|
Batting: RHB John Major
|
0-0: Ball 1-0: Called Strike 1-1: Called Strike 1-2: Ball 2-2: Ball 3-2: Strikes out swinging
|
Batting: LHB Juan Cabañas
|
0-0: Ball 1-0: Ball 2-0: Swinging Strike 2-1: Swinging Strike 2-2: Foul Ball, location: 2F 2-2: Ground out 4-3 (Groundball, 34)
|
Batting: RHB Dan Mason
|
0-0: Foul Ball, location: 2F 0-1: Ball 1-1: Ball 2-1: Foul Ball, location: 2F 2-2: Foul Ball, location: 2F 2-2: Ball 3-2: Fly out, F7 (Flyball, 78XD)
|
Bottom of the 4th over - 0 run(s), 0 hit(s), 0 error(s), 0 left on base; Santa Monica 1 - Houston 1 |
TOP OF THE 5TH |
Santa Monica Bruins batting - Pitching for Houston Hammertime : RHP Jun Kawashima
|
Batting: LHB Ken Phillips
|
0-0: Ball 1-0: SOLO HOME RUN (Flyball, 8LXD), Distance : 429 ft
|
Batting: RHB Francisco Castillo
|
0-0: Called Strike 0-1: Called Strike 0-2: Ground out 4-3 (Groundball, 4M)
|
Batting: RHB Bonifacio Torres
|
0-0: Foul Ball, location: 2F 0-1: Swinging Strike 0-2: Strikes out looking
|
Batting: LHB Francisco Medina
|
0-0: Ball 1-0: Fly out, F2 (Popup, 25)
|
Top of the 5th over - 1 run(s), 1 hit(s), 0 error(s), 0 left on base; Santa Monica 2 - Houston 1 |
BOTTOM OF THE 5TH |
Houston Hammertime batting - Pitching for Santa Monica Bruins : LHP Pancho Guerrero
|
Batting: RHB Alonso Holguín
|
0-0: Ball 1-0: Ball 2-0: Foul Ball, location: 2F 2-1: Foul Ball, location: 2F 2-2: Ball 3-2: Foul Ball, location: 2F 3-2: Base on Balls
|
Batting: LHB António Camacho
|
0-0: Ball 1-0: Fly out, F4 (Popup, 4)
|
Batting: RHB David Hernández
|
0-0: Grounds into double play, 6-4-3 (Groundball, 56)
|
Bottom of the 5th over - 0 run(s), 0 hit(s), 0 error(s), 0 left on base; Santa Monica 2 - Houston 1 |
TOP OF THE 6TH |
Santa Monica Bruins batting - Pitching for Houston Hammertime : RHP Jun Kawashima
|
Batting: RHB António López
|
0-0: Swinging Strike 0-1: Ball 1-1: Ball 2-1: Ground out 5-3 (Groundball, 56)
|
Batting: LHB Morgan Wright
|
0-0: Ball 1-0: Fly out, F9 (Line Drive, 9)
|
Batting: SHB Ken Hernández
|
0-0: Called Strike 0-1: Ball 1-1: Foul Ball, location: 2F 1-2: Fly out, F8 (Flyball, 8LS)
|
Top of the 6th over - 0 run(s), 0 hit(s), 0 error(s), 0 left on base; Santa Monica 2 - Houston 1 |
BOTTOM OF THE 6TH |
Houston Hammertime batting - Pitching for Santa Monica Bruins : LHP Pancho Guerrero
|
Batting: RHB Victor Andrews
|
0-0: Fly out, F7 (Flyball, 7S)
|
Batting: SHB Carlos Córdova
|
0-0: Called Strike 0-1: Foul Ball, location: 2F 0-2: Ball 1-2: Foul Ball, location: 2F 1-2: Ball 2-2: Ball 3-2: SINGLE (Line Drive, 78M)
|
Batting: RHB Carlos Pérez
|
0-0: Called Strike 0-1: Ball 1-1: Reached on error, E5 (Groundball, 5) Carlos Córdova to second
|
Batting: RHB John Major
|
0-0: Ball 1-0: Foul Ball, location: 2F 1-1: Ball 2-1: Swinging Strike 2-2: Strikes out looking
|
Batting: LHB Juan Cabañas
|
0-0: 3-RUN HOME RUN (Flyball, 9LD), Distance : 330 ft
|
Batting: RHB Dan Mason
|
0-0: Ball 1-0: SINGLE (Line Drive, 78S)
|
Batting: RHB Alonso Holguín
|
0-0: Ball 1-0: Ball 2-0: Called Strike 2-1: Ground out 4-3 (Groundball, 4M)
|
Bottom of the 6th over - 3 run(s), 3 hit(s), 1 error(s), 1 left on base; Santa Monica 2 - Houston 4 |
TOP OF THE 7TH |
Santa Monica Bruins batting - Pitching for Houston Hammertime : RHP Jun Kawashima
|
Batting: RHB Johnny Williams
|
0-0: Swinging Strike 0-1: Ball 1-1: Ball 2-1: Ball 3-1: Ground out 5-3 (Groundball, 5S)
|
Batting: LHB Ramiro Martínez
|
0-0: Called Strike 0-1: Ground out 4-3 (Groundball, 4M)
|
Batting: LHB Ken Phillips
|
0-0: Ball 1-0: Called Strike 1-1: Called Strike 1-2: Foul Ball, location: 2F 1-2: Fly out, F5 (Popup, 5S)
|
Top of the 7th over - 0 run(s), 0 hit(s), 0 error(s), 0 left on base; Santa Monica 2 - Houston 4 |
BOTTOM OF THE 7TH |
Houston Hammertime batting - Pitching for Santa Monica Bruins : LHP Pancho Guerrero
|
Pitching: LHP Nesto Pérez
|
|
Batting: LHB António Camacho
|
0-0: SINGLE (Line Drive, 56)
|
Batting: RHB David Hernández
|
0-0: Ball 1-0: Ball 2-0: Grounds into double play, 6-4-3 (Groundball, 6)
|
Batting: RHB Victor Andrews
|
0-0: Ball 1-0: Ground out 4-3 (Groundball, 4)
|
Bottom of the 7th over - 0 run(s), 1 hit(s), 0 error(s), 0 left on base; Santa Monica 2 - Houston 4 |
TOP OF THE 8TH |
Santa Monica Bruins batting - Pitching for Houston Hammertime : RHP Jun Kawashima
|
Batting: RHB Francisco Castillo
|
0-0: Called Strike 0-1: Ball 1-1: Swinging Strike 1-2: Fly out, F9 (Line Drive, 89M)
|
Batting: RHB Bonifacio Torres
|
0-0: Ball 1-0: Called Strike 1-1: Foul Ball, location: 2F 1-2: Foul Ball, location: 2F 1-2: Fly out, F8 (Flyball, 78D)
|
Batting: LHB Francisco Medina
|
0-0: Called Strike 0-1: Ball 1-1: Ball 2-1: Fly out, F8 (Flyball, 8RM)
|
Top of the 8th over - 0 run(s), 0 hit(s), 0 error(s), 0 left on base; Santa Monica 2 - Houston 4 |
BOTTOM OF THE 8TH |
Houston Hammertime batting - Pitching for Santa Monica Bruins : LHP Nesto Pérez
|
Batting: SHB Carlos Córdova
|
0-0: Called Strike 0-1: Foul Ball, location: 2F 0-2: Ball 1-2: Ball 2-2: Ball 3-2: Fly out, F3 (Popup, 3D)
|
Batting: RHB Carlos Pérez
|
0-0: Ball 1-0: Ball 2-0: Swinging Strike 2-1: Fly out, F8 (Flyball, 8LM)
|
Batting: RHB John Major
|
0-0: Ball 1-0: SINGLE (Line Drive, 9S)
|
Batting: LHB Juan Cabañas
|
0-0: Ball 1-0: Ball 2-0: Ball 3-0: Base on Balls John Major to second
|
Batting: RHB Dan Mason
|
0-0: Ball 1-0: Foul Ball, location: 2F 1-1: Ball 2-1: Fielders Choice at 2nd, 6-4 (Groundball, 6)
|
Bottom of the 8th over - 0 run(s), 1 hit(s), 0 error(s), 1 left on base; Santa Monica 2 - Houston 4 |
TOP OF THE 9TH |
Santa Monica Bruins batting - Pitching for Houston Hammertime : RHP Jun Kawashima
|
Pitching: LHP Júlio Aguilar
|
|
Batting: RHB António López
|
0-0: Called Strike 0-1: Ball 1-1: Foul Ball, location: 2F 1-2: Hit by Pitch
|
Batting: LHB Morgan Wright
|
0-0: Ball 1-0: Foul Ball, location: 2F 1-1: SINGLE (Flyball, 8RS) António López to second
|
Pinch Hitting: RHB Pablo Peña
|
0-0: Ball 1-0: Ball 2-0: Ball 3-0: Called Strike 3-1: Base on Balls António López to third Morgan Wright to second
|
Pinch Hitting: RHB Roberto Cruz
|
0-0: Ball 1-0: Called Strike 1-1: Ball 2-1: Ball 3-1: Base on Balls António López scores Morgan Wright to third Pablo Peña to second
|
Batting: LHB Ramiro Martínez
|
0-0: Swinging Strike 0-1: Foul Ball, location: 2F 0-2: Strikes out looking
|
Pinch Hitting: RHB Luis Martínez
|
0-0: Fly out, F8 (Flyball, 8LM) Runner from 3rd tags up, SCORES, throw made
|
Pinch Runner at 2nd Fletcher Reed:
|
|
Batting: RHB Francisco Castillo
|
0-0: Foul Ball, location: 2F 0-1: Ball 1-1: Foul Ball, location: 2F 1-2: Ball 2-2: Ball 3-2: Strikes out looking
|
Top of the 9th over - 2 run(s), 1 hit(s), 0 error(s), 2 left on base; Santa Monica 4 - Houston 4 |
BOTTOM OF THE 9TH |
Houston Hammertime batting - Pitching for Santa Monica Bruins : LHP Nesto Pérez
|
Pitching: RHP Keith Harper
|
|
Now at 1B: Roberto Cruz
|
|
Now at SS: Ernest Russell
|
|
Now in RF: Marty Hendrickson
|
|
Pinch Hitting: LHB José Esparza
|
0-0: Called Strike 0-1: Foul Ball, location: 2F 0-2: Ball 1-2: Foul Ball, location: 2F 1-2: Strikes out swinging
|
Pinch Hitting: LHB Pat Jones
|
0-0: Called Strike 0-1: Foul Ball, location: 2F 0-2: Strikes out swinging
|
Batting: RHB David Hernández
|
0-0: Ball 1-0: Ball 2-0: Foul Ball, location: 2F 2-1: Foul Ball, location: 2F 2-2: Strikes out looking
|
Bottom of the 9th over - 0 run(s), 0 hit(s), 0 error(s), 0 left on base; Santa Monica 4 - Houston 4 |
TOP OF THE 10TH |
Santa Monica Bruins batting - Pitching for Houston Hammertime : LHP Júlio Aguilar
|
Now in LF: José Esparza
|
|
Now in RF: Pat Jones
|
|
Batting: RHB Bonifacio Torres
|
0-0: Ball 1-0: Ground out 6-3 (Groundball, 6)
|
Pinch Hitting: SHB Chris Woods
|
0-0: SOLO HOME RUN (Flyball, 7D), Distance : 352 ft
|
Pitching: RHP José Ortíz
|
|
Batting: RHB António López
|
0-0: Ball 1-0: Called Strike 1-1: Ball 2-1: Ground out 6-3 (Groundball, 6)
|
Pitching: LHP Dan Snyder
|
|
Batting: LHB Morgan Wright
|
0-0: Called Strike 0-1: Ball 1-1: Ball 2-1: Called Strike 2-2: Foul Ball, location: 2F 2-2: Ball 3-2: Strikes out looking
|
Top of the 10th over - 1 run(s), 1 hit(s), 0 error(s), 0 left on base; Santa Monica 5 - Houston 4 |
BOTTOM OF THE 10TH |
Houston Hammertime batting - Pitching for Santa Monica Bruins : RHP Keith Harper
|
Now at 2B: Gilberto Guzmán
|
|
Batting: RHB Victor Andrews
|
0-0: Ball 1-0: Called Strike 1-1: Foul Ball, location: 2F 1-2: Ball 2-2: Ball 3-2: SINGLE (Groundball, 6MD)
|
Pinch Runner at 1st Manuel Pérez:
|
|
Batting: SHB Carlos Córdova
|
0-0: Bunted foul 0-1: Ball 1-1: Sac Bunt - play at first, batter OUT! 1-4 Manuel Pérez to second
|
Batting: RHB Carlos Pérez
|
0-0: Foul Ball, location: 2F 0-1: Swinging Strike 0-2: Ball 1-2: Strikes out swinging
|
Batting: RHB John Major
|
0-0: Foul Ball, location: 2F 0-1: Ball 1-1: Ball 2-1: Called Strike 2-2: Ball 3-2: Fly out, F8 (Flyball, 78M)
|
Bottom of the 10th over - 0 run(s), 1 hit(s), 0 error(s), 1 left on base; Santa Monica 5 - Houston 4 |
|